[Event "fics rated crazyhouse match"]
[Site "fics, Oklahoma City, OK USA"]
[Date "2001.03.06"]
[White "pminear"]
[WhiteElo "2578"]
[Black "LINDEGREN"]
[BlackElo "2435"]
[TimeControl "60+0"]
[Result "1-0"]

1. e4 Nf6 2. e5 Nc6 3. exf6 gxf6 4. d4 d5 5. Nc3 Rg8 6. Nge2 
P@e4 7. Ng3 Bg4 8. f3 exf3 9. gxf3 Bxf3 10. Qxf3 Nxd4 11. Qd1 e5 
12. P@g2 P@f4 13. Nh5 P@e3 14. Bb5+ c6 15. Nxd5 P@f2+ 16. Kf1 e2+ 17. Qxe2 
Nxe2 18. Nhxf6+ Qxf6 19. Nxf6+ Ke7 20. N@d5+ cxd5 21. Nxd5+ Ke6 22. Q@d7# 
{LINDEGREN checkmated} 1-0

[Event "fics rated crazyhouse match"]
[Site "fics, Oklahoma City, OK USA"]
[Date "2001.03.06"]
[White "LINDEGREN"]
[WhiteElo "2430"]
[Black "pminear"]
[BlackElo "2583"]
[TimeControl "60+0"]
[Result "0-1"]

1. e4 e5 2. Nc3 Nc6 3. Nf3 Be7 4. Bc4 Nf6 5. O-O O-O 6. d3 
d6 7. h3 Be6 8. Bg5 Bxc4 9. dxc4 B@h5 10. Bxf6 Bxf6 11. B@g4 Bxg4 
12. hxg4 B@d4 13. N@f5 Bxc3 14. bxc3 N@f4 15. B@d3 B@b2 16. B@g3 Bxa1 17. Bxf4 
exf4 18. Qxa1 Ne5 19. Nxe5 dxe5 20. N@h5 B@h4 21. N@f3 Bxf2+ 22. Rxf2 P@e3 
23. Rf1 N@f2 24. B@h1 Nxd3 25. cxd3 B@f2+ 26. Rxf2 exf2+ 27. Kxf2 Qxd3 28. Nxf6+ 
Kh8 29. P@h6 P@g3+ 30. Nxg3 Qe3+ 31. Kf1 R@f2+ 32. Kg1 Rxa2+ 33. Kh2 fxg3+ 
34. Kh3 Qxh6+ 35. N@h5 N@f4+ 36. Kxg3 Nxh5+ 37. Nxh5 P@f4+ 38. Kh3 N@g5+ 39. Nxg5 
R@g3+ 40. Kh2 Rxa1 41. P@f6 Rxh1+ 42. Kxh1 Qxh5# 
{LINDEGREN forfeits on time} 0-1

[Event "fics rated crazyhouse match"]
[Site "fics, Oklahoma City, OK USA"]
[Date "2001.03.06"]
[White "pminear"]
[WhiteElo "2588"]
[Black "LINDEGREN"]
[BlackElo "2425"]
[TimeControl "60+0"]
[Result "1-0"]

1. e4 Nf6 2. e5 Nd5 3. Nf3 e6 4. d4 Nc6 5. Be2 d6 6. O-O 
Be7 7. exd6 cxd6 8. Nc3 Bd7 9. Nxd5 exd5 10. c4 dxc4 11. Bxc4 P@e6 
12. Re1 P@g4 13. P@h6 gxf3 14. hxg7 Rg8 15. Qxf3 Nxd4 16. Qd3 N@c2 17. Qxh7 
N@f6 18. Qxg8+ Nxg8 19. R@h8 Bf8 20. Rxg8 Ke7 21. P@f6+ Kxf6 22. P@g5+ Kf5 
23. Bd3+ Kg4 24. P@h3+ Kh5 25. P@g4+ Kh4 26. Rh8+ P@h6 27. Rxh6# 
{LINDEGREN resigns} 1-0

[Event "fics rated crazyhouse match"]
[Site "fics, Oklahoma City, OK USA"]
[Date "2001.03.06"]
[White "LINDEGREN"]
[WhiteElo "2420"]
[Black "pminear"]
[BlackElo "2593"]
[TimeControl "60+0"]
[Result "0-1"]

1. e4 e5 2. Nc3 Nc6 3. Nf3 Be7 4. Bc4 Nf6 5. O-O O-O 6. d3 
d6 7. Bg5 Bg4 8. Bxf6 Bxf6 9. Nd5 B@h5 10. N@e1 Bh4 11. c3 Ne7 
12. Nxe7+ Qxe7 13. N@f5 Bxf5 14. exf5 N@f4 15. B@e3 N@e2+ 16. Kh1 Nxg2 17. Qxe2 
Nxe1 18. Raxe1 P@h3 19. Rg1 N@f4 20. Bxf4 exf4 21. N@e4 B@g2+ 22. Rxg2 hxg2+ 
23. Kxg2 R@g4+ 24. P@g3 fxg3 25. hxg3 Bxg3 26. fxg3 P@h3+ 27. Kxh3 Rxe4 28. dxe4 
P@g4+ 29. Kh2 gxf3 30. Qc2 N@g4+ 31. Kh1 f2 32. Rf1 N@e3 33. Qe2 Nxf1 
34. B@h2 Nxg3+ 35. Bxg3 R@g1# 
{LINDEGREN checkmated} 0-1

[Event "fics rated crazyhouse match"]
[Site "fics, Oklahoma City, OK USA"]
[Date "2001.03.06"]
[White "pminear"]
[WhiteElo "2597"]
[Black "LINDEGREN"]
[BlackElo "2416"]
[TimeControl "60+0"]
[Result "1-0"]

1. e4 Nf6 2. e5 Ne4 3. Nc3 Nxf2 4. Kxf2 d6 5. exd6 cxd6 6. Bb5+ 
Nc6 7. d4 Bd7 8. Nd5 P@c7 9. Nf3 e6 10. Ne3 Be7 11. Rf1 Bh4+ 
12. Kg1 P@g3 13. hxg3 Bxg3 14. P@h2 Bxh2+ 15. Nxh2 P@g3 16. Nf3 Nxd4 17. Bxd7+ 
Qxd7 18. Nxd4 B@f2+ 19. Kh1 Bxe3 20. Bxe3 N@g4 21. Qxg4 f5 22. Qxg3 c5 
23. Nb5 P@c7 24. B@h3 Rf8 25. Bxf5 P@f7 26. Bxe6 fxe6 27. Rxf8+ Kxf8 28. Rf1+ 
B@f7 29. R@h8+ R@g8 30. Rxg8+ Kxg8 31. N@h6+ Kf8 32. R@h8+ Ke7 33. Rxa8 R@f6 
34. B@h4 Qe8 35. N@g8+ Kf8 36. Rxe8# 
{LINDEGREN forfeits on time} 1-0

[Event "fics rated crazyhouse match"]
[Site "fics, Oklahoma City, OK USA"]
[Date "2001.03.06"]
[White "LINDEGREN"]
[WhiteElo "2412"]
[Black "pminear"]
[BlackElo "2601"]
[TimeControl "60+0"]
[Result "0-1"]

1. e4 e5 2. Nf3 Nc6 3. Bc4 Be7 4. O-O Nf6 5. Nc3 d6 6. d3 
O-O 7. h3 Be6 8. Bg5 Bxc4 9. dxc4 B@h5 10. Bxf6 Bxf3 11. Qxf3 Bxf6 
12. N@g4 B@g5 13. Nd5 N@f4 14. Ngxf6+ Bxf6 15. Nxf4 exf4 16. N@g4 Nd4 17. Qd3 
N@e5 18. Nxe5 dxe5 19. B@d5 c6 20. N@f5 Nxf5 21. exf5 cxd5 22. cxd5 N@c5 
23. Qd1 N@d4 24. B@g4 B@e4 25. P@e6 Bxd5 26. exf7+ Bxf7 27. P@e6 Ncxe6 28. fxe6 
Nxe6 29. B@d5 N@d4 30. N@f5 Nxf5 31. Bxf5 N@d4 32. Bfxe6 Nxe6 33. N@f5 B@b5 
34. N@h6+ gxh6 35. Nxh6+ Kh8 36. Nxf7+ Rxf7 37. Qg4 Bxf1 38. Rxf1 P@h2+ 39. Kxh2 
P@g3+ 40. fxg3 fxg3+ 41. Qxg3 P@f4 42. Qg4 P@g3+ 43. Kh1 R@h2+ 44. Kg1 P@f2+ 
45. Rxf2 gxf2+ 46. Kxf2 Rxg2+ 47. Kxg2 N@e3+ 48. Kf2 Nxg4+ 49. Ke1 Q@f2+ 50. Kd1 
R@e1# 
{LINDEGREN checkmated} 0-1

[Event "fics rated crazyhouse match"]
[Site "fics, Oklahoma City, OK USA"]
[Date "2001.03.06"]
[White "pminear"]
[WhiteElo "2605"]
[Black "LINDEGREN"]
[BlackElo "2408"]
[TimeControl "60+0"]
[Result "0-1"]

1. e4 e6 2. Nc3 Nc6 3. d4 d5 4. Nf3 Nf6 5. exd5 Nxd5 6. Bd3 
Bb4 7. Bd2 P@a3 8. O-O axb2 9. Nxd5 bxa1=Q 10. Qxa1 exd5 11. Bxb4 Nxb4 
12. Qe1+ B@e7 13. N@h5 R@g4 14. B@h3 P@e4 15. Bxg4 Bxg4 16. Nxg7+ Kf8 17. Bxe4 
dxe4 18. Qxe4 N@f6 19. Qxg4 Nxg4 20. R@e8+ Kxg7 21. Rxd8 Raxd8 22. P@g5 Bxg5 
23. P@e5 P@e2 24. P@h6+ Kxh6 25. Q@h3+ B@h5 26. B@g7+ Kxg7 27. P@f6+ Kh6 28. Re1 
R@f1+ 29. Rxf1 exf1=Q+ 30. Kxf1 Q@d1+ 31. R@e1 P@e2# 
{pminear resigns} 0-1

[Event "fics rated crazyhouse match"]
[Site "fics, Oklahoma City, OK USA"]
[Date "2001.03.06"]
[White "LINDEGREN"]
[WhiteElo "2420"]
[Black "pminear"]
[BlackElo "2593"]
[TimeControl "60+0"]
[Result "0-1"]

1. e4 e5 2. Nf3 Nc6 3. Bc4 Be7 4. O-O Nf6 5. Nc3 O-O 6. d3 
d6 7. h3 Be6 8. Be3 Bxc4 9. dxc4 B@h5 10. B@h4 Nd4 11. Bxd4 exd4 
12. Nb5 Bxf3 13. Qxf3 N@e5 14. Qd1 Nxe4 15. Bxe7 Qxe7 16. Nxd4 B@c5 17. Nf5 
Qg5 18. B@e3 Bxe3 19. Nxe3 B@f4 20. N@f3 P@h2+ 21. Kh1 Bxe3 22. Nxg5 N@g3+ 
23. Kxh2 Nxf1+ 24. Qxf1 Bxg5 25. N@f5 B@f4+ 26. P@g3 Nxf2 27. P@e7 N@g4+ 28. hxg4 
Nexg4+ 29. Kg1 R@h1# 
{LINDEGREN checkmated} 0-1

[Event "fics rated crazyhouse match"]
[Site "fics, Oklahoma City, OK USA"]
[Date "2001.03.06"]
[White "pminear"]
[WhiteElo "2597"]
[Black "LINDEGREN"]
[BlackElo "2416"]
[TimeControl "60+0"]
[Result "1-0"]

1. e4 Nf6 2. Nc3 Nd5 3. exd5 e6 4. dxe6 dxe6 5. Nf3 Nc6 6. d4 
Bb4 7. Bd3 Qe7 8. a3 Bxc3+ 9. bxc3 f5 10. Bb5 Bd7 11. N@c5 P@f6 
12. Nxd7 Qxd7 13. B@a4 O-O 14. Bxc6 bxc6 15. Bxc6 Qf7 16. Bxa8 Rxa8 17. P@h6 
B@e4 18. hxg7 Qxg7 19. B@h6 Qxg2 20. R@g3+ Qxg3 21. hxg3 R@g6 22. N@e7# 
{LINDEGREN resigns} 1-0

[Event "fics rated crazyhouse match"]
[Site "fics, Oklahoma City, OK USA"]
[Date "2001.03.06"]
[White "LINDEGREN"]
[WhiteElo "2412"]
[Black "pminear"]
[BlackElo "2601"]
[TimeControl "60+0"]
[Result "1-0"]

1. e4 e5 2. Nc3 Nc6 3. Nf3 Be7 4. Bc4 Nf6 5. O-O d6 6. d3 
O-O 7. Bg5 Bg4 8. Bxf6 Bxf6 9. Nd5 B@h5 10. N@e1 Bh4 11. c3 Ne7 
12. Ne3 Ng6 13. Nxg4 Bxg4 14. B@f5 Bxf5 15. exf5 Nf4 16. Nxh4 N@e2+ 17. Kh1 
Qxh4 18. B@g3 Nxg3+ 19. fxg3 Qxh2+ 20. Kxh2 N@g4+ 21. Qxg4 B@h6 22. Bxf7+ Rxf7 
23. P@g6 Rff8 24. gxh7+ Kh8 25. gxf4 P@f7 26. N@e7 exf4 27. N@g6+ Kxh7 28. Nxf8+ 
Rxf8 29. P@g6# 
{pminear resigns} 1-0

[Event "fics rated crazyhouse match"]
[Site "fics, Oklahoma City, OK USA"]
[Date "2001.03.06"]
[White "pminear"]
[WhiteElo "2589"]
[Black "LINDEGREN"]
[BlackElo "2424"]
[TimeControl "60+0"]
[Result "0-1"]

1. e4 Nf6 2. e5 Nd5 3. Nf3 e6 4. Be2 d6 5. O-O Nf4 6. Bb5+ 
c6 7. d4 Nxg2 8. Bxc6+ Nxc6 9. Kxg2 P@g4 10. Ng1 dxe5 11. Qxg4 Nxd4 
12. Be3 B@f5 13. Qd1 P@h3+ 14. Nxh3 P@f3+ 15. Kg3 Bxh3 16. Kxh3 Be7 17. B@a4+ 
Bd7 18. Bxd7+ Qxd7 19. B@g4 B@g2+ 20. Kg3 N@f5+ 21. Bxf5 Nxf5+ 22. Kg4 h5# 
{pminear checkmated} 0-1

[Event "fics rated crazyhouse match"]
[Site "fics, Oklahoma City, OK USA"]
[Date "2001.03.06"]
[White "LINDEGREN"]
[WhiteElo "2436"]
[Black "pminear"]
[BlackElo "2577"]
[TimeControl "60+0"]
[Result "0-1"]

1. e4 e5 2. Nc3 Nc6 3. Nf3 Be7 4. Bc4 Nf6 5. O-O O-O 6. d3 
d6 7. Bg5 Bg4 8. Bxf6 Bxf6 9. Nd5 Bh4 10. N@f5 Bxf5 11. exf5 B@g4 
12. B@e4 Bxf3 13. Qxf3 N@g5 14. Qg4 Nxe4 15. dxe4 N@h6 16. Qd1 B@g4 17. f3 
Bxf5 18. exf5 Nxf5 19. B@e4 P@f2+ 20. Kh1 Nce7 21. Bxf5 Nxf5 22. N@g4 B@h5 
23. N@e4 Bxg4 24. fxg4 N@e3 25. Nxe3 Nxe3 26. Nxf2 Bxf2 27. Rxf2 Nxd1 28. Rxd1 
N@e4 29. B@e3 Qh4 30. N@h3 Nxf2+ 31. Bxf2 Qxh3 32. B@d5 N@f4 33. N@e7+ Kh8 
34. B@f3 Qxf3 35. Bxf3 R@h6 36. N@h5 Rxh5 37. P@f6 Q@h6 38. Kg1 Qxf6 
{LINDEGREN forfeits on time} 0-1

[Event "fics rated crazyhouse match"]
[Site "fics, Oklahoma City, OK USA"]
[Date "2001.03.06"]
[White "pminear"]
[WhiteElo "2582"]
[Black "LINDEGREN"]
[BlackElo "2431"]
[TimeControl "60+0"]
[Result "1-0"]

1. e4 Nf6 2. e5 Ne4 3. Nc3 Nxc3 4. dxc3 Nc6 5. Nf3 d6 6. exd6 
cxd6 7. Be2 e5 8. N@d5 P@c7 9. Bb5 Be6 10. P@h6 Bxd5 11. hxg7 Bxg7 
12. Qxd5 N@e7 13. Qd1 N@f4 14. Bxf4 exf4 15. N@h5 B@f6 16. P@h6 O-O 17. hxg7 
Bxg7 18. Nxg7 P@e3 19. Nh5 exf2+ 20. Kxf2 P@g7 21. P@h6 P@e3+ 22. Kf1 gxh6 
23. Bxc6 P@g7 24. B@d4 f6 25. B@d5+ Kh8 26. Bxb7 Nxd5 27. Bxd5 B@g4 28. N@e6 
Bxe6 29. Bxe6 N@f2 30. Qe2 Nxh1 31. B@h4 R@f2+ 32. Bxf2 exf2 33. R@g8+ Rxg8 
34. N@f7# 
{LINDEGREN checkmated} 1-0

[Event "fics rated crazyhouse match"]
[Site "fics, Oklahoma City, OK USA"]
[Date "2001.03.06"]
[White "LINDEGREN"]
[WhiteElo "2426"]
[Black "pminear"]
[BlackElo "2587"]
[TimeControl "60+0"]
[Result "0-1"]

1. e4 e5 2. Nc3 Nc6 3. Nf3 Be7 4. Bc4 Nf6 5. Bxf7+ Kxf7 6. Ng5+ 
Kf8 7. O-O Nd4 8. d3 B@h5 9. f3 h6 10. Nh3 d6 11. Nf2 Rg8 
12. Be3 Ne6 13. Nd5 Nxd5 14. exd5 g5 15. dxe6 Bxe6 16. c4 P@f4 17. Bd2 
g4 18. fxg4 Bexg4 19. Nxg4 Bxg4 20. Qxg4 Rxg4 21. N@e6+ Kg8 22. P@f7+ Kh8 
23. B@h3 N@e2+ 24. Kf2 P@e3+ 25. Kxe2 exd2 26. N@f5 N@d4+ 27. Nexd4 exd4 28. Bxg4 
N@c1+ 29. Raxc1 dxc1=N+ 30. Rxc1 B@f6 31. R@g8+ Qxg8 32. fxg8=Q+ Rxg8 33. N@f7+ Kh7 
34. P@g6+ Rxg6 35. Q@h8+ Bxh8 36. N@g5+ hxg5 37. B@g8+ Rxg8 38. Nxg5+ Kg6 39. N@h4+ 
Kxg5 40. Nf3+ Kf6 41. h4 Kf7 42. Kf1 Ke8 43. Kg1 Kd8 44. P@d7 Q@f2+ 
45. Kh2 Q@g3# 
{LINDEGREN forfeits on time} 0-1

[Event "fics rated crazyhouse match"]
[Site "fics, Oklahoma City, OK USA"]
[Date "2001.03.06"]
[White "pminear"]
[WhiteElo "2592"]
[Black "LINDEGREN"]
[BlackElo "2421"]
[TimeControl "60+0"]
[Result "0-1"]

1. e4 Nf6 2. e5 Ne4 3. Nc3 Nxf2 4. Kxf2 d6 5. exd6 cxd6 6. Bb5+ 
P@c6 7. Be2 e5 8. d3 Nd7 9. Nf3 Nc5 10. Rf1 Ne6 11. Kg1 Nf4 
12. Bxf4 exf4 13. N@g5 P@f6 14. Nge4 B@b6+ 15. d4 d5 16. Nf2 Be7 17. N@d3 
Bc7 18. P@e5 fxe5 19. Nfxe5 Bxe5 20. dxe5 N@e3 21. Qd2 P@g3 22. hxg3 Nxf1 
23. Rxf1 fxg3 24. Ng4 Bxg4 25. Bxg4 Qb6+ 26. N@e3 P@h2+ 27. Kh1 N@f2+ 28. Nxf2 
R@g1+ 29. Rxg1 hxg1=Q+ 30. Kxg1 gxf2+ 31. Kxf2 R@f4+ 32. P@f3 Rxg4 33. fxg4 B@c5 
34. P@d7+ Kxd7 35. e6+ fxe6 36. N@e5+ Kc7 37. R@d7+ Kc8 38. P@c7 Bxe3+ 39. Ke2 
N@f4+ 40. Kd1 Bxd2 41. R@d8+ Bxd8 42. cxd8=Q+ Rxd8 43. Rxd8+ Kxd8 
{pminear forfeits on time} 0-1

[Event "fics rated crazyhouse match"]
[Site "fics, Oklahoma City, OK USA"]
[Date "2001.03.06"]
[White "pminear"]
[WhiteElo "2585"]
[Black "LINDEGREN"]
[BlackElo "2428"]
[TimeControl "60+0"]
[Result "1-0"]

1. e4 Nf6 2. e5 Nc6 3. exf6 gxf6 4. d4 d5 5. Nc3 Rg8 6. Nge2 
Bf5 7. Ng3 e6 8. Bb5 Rb8 9. N@a5 P@d7 10. Nb3 Bd6 11. Nxf5 exf5 
12. Nxd5 N@e4 13. Qe2 a6 14. Bd3 Nb4 15. Bxe4 fxe4 16. Qxe4+ B@e6 17. Nxb4 
Bxb4+ 18. P@c3 Bf8 19. N@h5 d5 20. Qxh7 Rxg2 21. B@f3 Rg6 22. P@g7 Bxg7 
23. Nxg7+ Kd7 24. P@f5 Bxf5 25. Nxf5 Qe8+ 26. N@e3 N@g5 27. Nc5+ Kd8 28. Qxg6 
Nxf3+ 29. Kd1 P@e2+ 30. Kxe2 fxg6 31. P@e7+ Qxe7 32. Nxe7 Nxd4+ 33. cxd4 P@f3+ 
34. Kd2 B@b4+ 35. B@c3 Bxc3+ 36. Kxc3 B@e8 37. Nc6# 
{LINDEGREN forfeits on time} 1-0

[Event "fics rated crazyhouse match"]
[Site "fics, Oklahoma City, OK USA"]
[Date "2001.03.06"]
[White "LINDEGREN"]
[WhiteElo "2423"]
[Black "pminear"]
[BlackElo "2590"]
[TimeControl "60+0"]
[Result "0-1"]

1. e4 e5 2. Nc3 Nc6 3. Nf3 Be7 4. Bc4 Nf6 5. O-O d6 6. d3 
O-O 7. Bg5 Bg4 8. Nd5 Nxd5 9. exd5 Bxg5 10. dxc6 bxc6 11. N@e4 Bxf3 
12. Qxf3 N@h4 13. Qd1 N@f4 14. B@f3 Nxf3+ 15. Qxf3 B@e2 16. Nxg5 Qxg5 17. N@h3 
Bxf3 
{LINDEGREN resigns} 0-1

[Event "fics rated crazyhouse match"]
[Site "fics, Oklahoma City, OK USA"]
[Date "2001.03.06"]
[White "pminear"]
[WhiteElo "2594"]
[Black "LINDEGREN"]
[BlackElo "2419"]
[TimeControl "60+0"]
[Result "1-0"]

1. e4 Nf6 2. e5 Nd5 3. Nf3 e6 4. d4 d6 5. Be2 Nc6 6. O-O 
Bd7 7. Nc3 Nxc3 8. bxc3 N@f5 9. N@h5 Rg8 10. Bg5 Be7 11. Nxg7+ Rxg7 
12. P@f6 Rg8 13. fxe7 Ncxe7 14. Bxe7 Qxe7 15. N@f6+ Kf8 16. Nxg8 Kxg8 17. B@f6 
Qxf6 18. exf6 N@f4 19. Ng5 B@h6 20. Bg4 B@f8 21. Bxf5 exf5 22. Qf3 P@g4 
23. Qe3 B@d5 24. f3 N@e2+ 25. Kf2 gxf3 26. gxf3 B7c6 27. P@e7 Bxf3 28. Nxf3 
Bxf3 29. Qxf3 N@e4+ 30. Qxe4 fxe4 31. exf8=Q+ Rxf8 32. N@e7+ Kh8 33. B@g7+ Bxg7 
34. fxg7+ Kxg7 35. Q@g5+ Q@g6 36. B@f6# 
{LINDEGREN checkmated} 1-0

[Event "fics rated crazyhouse match"]
[Site "fics, Oklahoma City, OK USA"]
[Date "2001.03.06"]
[White "LINDEGREN"]
[WhiteElo "2415"]
[Black "pminear"]
[BlackElo "2598"]
[TimeControl "60+0"]
[Result "0-1"]

1. e4 e5 2. Nc3 Nc6 3. Nf3 Be7 4. Bc4 Nf6 5. O-O d6 6. d3 
O-O 7. Bg5 Bg4 8. Bxf6 Bxf6 9. Nd5 B@h5 10. N@e1 Bg5 11. c3 Ne7 
12. Ne3 Bxf3 13. Nxf3 Ng6 14. Nf5 N@h4 15. N5xh4 Nxh4 16. B@e2 N@f4 17. N@f5 
Nxe2+ 18. Qxe2 Bxf3 19. gxf3 N@h3# 
{LINDEGREN resigns} 0-1

[Event "fics rated crazyhouse match"]
[Site "fics, Oklahoma City, OK USA"]
[Date "2001.03.06"]
[White "pminear"]
[WhiteElo "2602"]
[Black "LINDEGREN"]
[BlackElo "2411"]
[TimeControl "60+0"]
[Result "1-0"]

1. e4 e6 2. Nc3 Nc6 3. d4 d5 4. Nf3 dxe4 5. Nxe4 Nf6 6. Neg5 
Bb4+ 7. Bd2 Bxd2+ 8. Qxd2 O-O 9. P@e5 Nd5 10. Nxh7 B@f4 11. P@e3 Bh6 
12. Nxf8 Qxf8 13. B@g5 N@e4 14. Bxh6 gxh6 15. R@g4+ P@g6 16. Rxe4 B@f5 17. Rh4 
Bd7 18. N@f6+ Nxf6 19. exf6 N@h5 20. Rxh5 gxh5 21. B@g7 Qd6 22. N@e5 Nxe5 
23. Nxe5 N@d5 24. Bxh6 R@h7 25. Bg7 c5 26. N@h6+ Rxh6 27. Bxh6 cxd4 28. P@g7 
Kh7 29. N@f8+ Rxf8 30. gxf8=Q Qxf8 31. Bxf8 N@e8 32. Q@h6+ Kg8 33. R@h8# 
{LINDEGREN checkmated} 1-0

[Event "fics rated crazyhouse match"]
[Site "fics, Oklahoma City, OK USA"]
[Date "2001.03.06"]
[White "LINDEGREN"]
[WhiteElo "2407"]
[Black "pminear"]
[BlackElo "2606"]
[TimeControl "60+0"]
[Result "0-1"]

1. e4 e5 2. Nf3 Nc6 3. d4 exd4 4. Nxd4 Nf6 5. Nxc6 bxc6 6. Bd3 
d6 7. Nc3 N@e5 8. P@g5 Nfg4 9. O-O P@e3 10. Bxe3 Nxe3 11. fxe3 B@b6 
12. P@d4 Qxg5 13. N@h3 Bxh3 14. N@f4 Bxg2 15. Nxg2 P@f3 16. B@g3 N@h3+ 17. Kh1 
fxg2+ 18. Kxg2 N@h4+ 19. Kxh3 P@g4# 
{LINDEGREN resigns} 0-1

[Event "fics rated crazyhouse match"]
[Site "fics, Oklahoma City, OK USA"]
[Date "2001.03.06"]
[White "pminear"]
[WhiteElo "2610"]
[Black "LINDEGREN"]
[BlackElo "2403"]
[TimeControl "60+0"]
[Result "1-0"]

1. e4 Nf6 2. e5 Nd5 3. Nf3 e6 4. d4 d6 5. Be2 Nc6 6. O-O 
Bd7 7. Nc3 Be7 8. Nxd5 exd5 9. Bb5 N@e4 10. Qe2 a6 11. Bxc6 bxc6 
12. exd6 cxd6 13. N@f4 B@g4 14. P@h3 Bxf3 15. gxf3 Ng5 16. B@g2 P@e4 17. N@h5 
Rg8 18. fxe4 dxe4 19. Bxe4 Nxe4 20. Qxe4 B@f5 21. Qg2 P@g6 22. Nxg7+ Rxg7 
23. P@h6 Rg8 24. N@g7+ Kf8 25. Nxf5 Bxf5 26. P@g7+ Ke8 27. B@g4 Bxg4 28. hxg4 
N@h4 29. Qxc6+ B@d7 30. P@e6 fxe6 31. P@f7+ Kxf7 32. Qe4 N@f3+ 33. Kh1 P@f5 
34. gxf5 gxf5 35. B@h5+ P@g6 36. Bxf3 Nxf3 37. Qxf3 B@e4 38. Qxe4 fxe4 39. N@h8+ 
Rxh8 40. gxh8=N+ Qxh8 41. B@g2 P@e3 42. R@g7+ Ke8 43. P@f7+ Kd8 44. Rg8+ Q@f8 
45. Rxh8 Qxh8 46. N@b7+ Kc7 47. Nxe6+ Bxe6 48. P@c6 P@b6 49. Bxe3 N@g3+ 50. hxg3 
N@h3 51. N@d5# 
{LINDEGREN forfeits on time} 1-0

[Event "fics rated crazyhouse match"]
[Site "fics, Oklahoma City, OK USA"]
[Date "2001.03.06"]
[White "LINDEGREN"]
[WhiteElo "2399"]
[Black "pminear"]
[BlackElo "2614"]
[TimeControl "60+0"]
[Result "0-1"]

1. e4 e5 2. Nc3 Nc6 3. Nf3 Be7 4. Bc4 Nf6 5. O-O d6 6. d3 
O-O 7. h3 Be6 8. Be3 Bxc4 9. dxc4 B@h5 10. Nd5 Nxe4 11. Nxe7+ Qxe7 
12. B@h4 Qd7 13. B@g4 Bxg4 14. hxg4 Qxg4 15. B@h3 Qg6 16. Kh2 P@f4 17. Bxf4 
exf4 18. P@g3 Nxf2 19. Rxf2 B@e3 20. Rf1 fxg3+ 21. Bxg3 P@f4 22. Bh4 B@g3+ 
23. Bxg3 fxg3+ 24. Kh1 N@f2+ 25. Rxf2 gxf2 26. B@f5 R@e1+ 27. Nxe1 f1=Q# 
{LINDEGREN resigns} 0-1

[Event "fics rated crazyhouse match"]
[Site "fics, Oklahoma City, OK USA"]
[Date "2001.03.06"]
[White "pminear"]
[WhiteElo "2618"]
[Black "LINDEGREN"]
[BlackElo "2395"]
[TimeControl "60+0"]
[Result "1-0"]

1. e4 Nf6 2. e5 Ne4 3. Nc3 d5 4. Nf3 Nc6 5. Bb5 Bg4 6. d3 
Nxc3 7. bxc3 Rb8 8. N@d4 N@a5 9. h3 Bxf3 10. Qxf3 e6 11. Nxe6 fxe6 
12. Bxc6+ Nxc6 13. B@f7+ Kd7 14. Bxe6+ Kxe6 15. P@f5+ Kd7 16. Qxd5+ B@d6 17. Qe6# 
{LINDEGREN checkmated} 1-0

[Event "fics rated crazyhouse match"]
[Site "fics, Oklahoma City, OK USA"]
[Date "2001.03.06"]
[White "LINDEGREN"]
[WhiteElo "2392"]
[Black "pminear"]
[BlackElo "2621"]
[TimeControl "60+0"]
[Result "0-1"]

1. e4 e5 2. Nc3 Nc6 3. Nf3 Be7 4. Bc4 Nf6 5. O-O d6 6. d3 
O-O 7. h3 Be6 8. Bxe6 fxe6 9. Ng5 Nd4 10. Be3 B@d7 11. Bxd4 exd4 
12. Ne2 B@b6 13. Nf4 e5 14. Nfe6 Bxe6 15. Nxe6 Qe8 16. B@b3 N@f7 17. Ng5 
d5 18. Nxf7 Qxf7 19. exd5 Nxd5 20. Bxd5 Qxd5 21. P@e4 Qd8 22. N@e6 Qe8 
23. Nxf8 Qxf8 24. B@f5 N@f4 25. N@e6 Nxe6 26. Bxe6+ P@f7 27. Bf5 B@e3 28. Qg4 
N@h6 29. Qe2 N@f4 30. Qf3 Bxf2+ 31. Rxf2 P@e3 32. Rff1 Nxf5 33. exf5 B@e2 
34. Qg3 Bxf1 35. Kxf1 e2+ 36. Kg1 R@d1+ 37. R@e1 Rxa1 38. Rxa1 R@d1+ 39. R@e1 
Rxe1+ 40. Rxe1 R@f1+ 41. Rxf1 exf1=Q+ 42. Kxf1 R@g5 43. B@g4 Nxg2 44. Qxg2 P@h5 
45. N@h6+ gxh6 46. P@g7 N@e3# 
{LINDEGREN forfeits on time} 0-1

[Event "fics rated crazyhouse match"]
[Site "fics, Oklahoma City, OK USA"]
[Date "2001.03.06"]
[White "pminear"]
[WhiteElo "2624"]
[Black "LINDEGREN"]
[BlackElo "2389"]
[TimeControl "60+0"]
[Result "0-1"]

1. e4 Nf6 2. e5 Nc6 3. exf6 gxf6 4. d4 d5 5. Nc3 Rg8 6. Nge2 
Bg4 7. f3 Bf5 8. Ng3 Bg6 9. Bb5 e6 10. N@a5 P@d7 11. Nb3 a6 
12. Be2 Nb4 13. Bd3 Nxd3+ 14. cxd3 B@b4 15. O-O Bxc3 16. bxc3 N@f5 17. B@f2 
Nh4 18. N@f4 Bd6 19. Qe2 Bxf4 20. Bxf4 Nxg2 21. Kxg2 P@h4 22. Bxc7 Qxc7 
23. P@e5 hxg3 24. Bxg3 N@h5 25. B@h6 B@f8 26. exf6 Nxg3 27. hxg3 Bxh6 28. N@e5 
B@f4 29. P@e7 Bxe5 30. dxe5 N@h5 31. N@d6+ Qxd6 32. exd6 N@f4+ 33. gxf4 Nxf4+ 
34. Kf2 B@b6+ 35. B@c5 N@h3+ 36. Ke1 Nxe2 37. Bxb6 P@d2+ 38. Nxd2 Bxd2+ 39. Kxd2 
Q@b2+ 40. Ke3 N@f5# 
{pminear checkmated} 0-1

[Event "fics rated crazyhouse match"]
[Site "fics, Oklahoma City, OK USA"]
[Date "2001.03.06"]
[White "LINDEGREN"]
[WhiteElo "2402"]
[Black "pminear"]
[BlackElo "2611"]
[TimeControl "60+0"]
[Result "0-1"]

1. e4 e5 2. Nc3 Nc6 3. Nf3 Be7 4. Bc4 Nf6 5. O-O d6 6. d3 
O-O 7. Bg5 Bg4 8. Bxf6 Bxf6 9. Nd5 B@h5 10. N@e1 Bh4 11. c3 Ne7 
12. Ne3 Ng6 13. h3 Bxf3 14. Nxf3 Nf4 15. Nf5 N@e2+ 16. Kh1 Bxf3 17. gxf3 
Qg5 18. B@g4 Bxf2 19. Rxf2 P@g2+ 20. Rxg2 Nxg2 21. Kxg2 Nf4+ 22. Kh2 R@g2+ 
23. Kh1 N@f2# 
{LINDEGREN checkmated} 0-1

[Event "fics rated crazyhouse match"]
[Site "fics, Oklahoma City, OK USA"]
[Date "2001.03.06"]
[White "Thufir"]
[WhiteElo "2280"]
[Black "Sunsetter"]
[BlackElo "2337"]
[TimeControl "180+0"]
[Result "0-1"]

1. e4 e5 2. Nf3 Nc6 3. Bc4 Bc5 4. O-O d6 5. d3 Nf6 6. h3 
h6 7. Nc3 O-O 8. Be3 Nd4 9. Bxd4 Bxd4 10. Nxd4 exd4 11. Ne2 N@e5 
12. Bb3 B@f3 13. gxf3 Nxf3+ 14. Kh1 Bxh3 15. Nf4 P@g2+ 16. Nxg2 Bxg2+ 17. Kxg2 
N@h4+ 18. Kg3 Nh5+ 19. Kh3 P@g4+ 20. Kxg4 Qg5+ 21. Kh3 Nf4# 
{Thufir checkmated} 0-1

[Event "fics rated crazyhouse match"]
[Site "fics, Oklahoma City, OK USA"]
[Date "2001.03.06"]
[White "Sunsetter"]
[WhiteElo "2344"]
[Black "Thufir"]
[BlackElo "2273"]
[TimeControl "180+0"]
[Result "1-0"]

1. e4 e6 2. d4 Nc6 3. Nc3 Nf6 4. Nf3 Bb4 5. Bd3 d5 6. e5 
Ne4 7. Bd2 Nxd2 8. Qxd2 B@e4 9. N@h5 Rg8 10. Rg1 Bxc3 11. bxc3 Bxd3 
12. cxd3 B@g4 13. B@f6 gxf6 14. Nxf6+ Qxf6 15. exf6 Bxf3 16. B@b5 N@f5 17. Bxc6+ 
bxc6 18. N@g7+ Rxg7 19. fxg7 Nxg7 20. R@g8+ B@f8 21. Rxf8+ Kxf8 22. P@e7+ Kxe7 
23. gxf3 B@f6 24. B@e5 Bxe5 25. dxe5 B@h4 26. B@f6+ Bxf6 27. exf6+ Kxf6 28. Qg5# 
{Thufir checkmated} 1-0

[Event "fics rated crazyhouse match"]
[Site "fics, Oklahoma City, OK USA"]
[Date "2001.03.06"]
[White "Thufir"]
[WhiteElo "2267"]
[Black "Sunsetter"]
[BlackElo "2350"]
[TimeControl "180+0"]
[Result "1-0"]

1. e4 e5 2. Nc3 Nc6 3. Nf3 Bc5 4. Bc4 Nf6 5. d3 O-O 6. Bg5 
h6 7. Bxf6 Qxf6 8. Nd5 Qg6 9. Rg1 B@a5+ 10. c3 Bab6 11. Nxb6 axb6 
12. B@f5 Qf6 13. N@d5 Qd8 14. d4 Bd6 15. dxe5 Nxe5 16. Nxe5 Bxe5 17. P@e7 
Bxc3+ 18. bxc3 N@g5 19. exd8=Q P@d2+ 20. Qxd2 N@c2+ 21. Qxc2 P@d2+ 22. Qxd2 Rxd8 
23. P@h7+ Nxh7 24. Bxh7+ Kxh7 25. N@f6+ gxf6 26. Nxf6+ Kg7 27. Q@h7+ Kxf6 28. Qdxh6+ 
N@g6 29. Qxf7+ Ke5 30. B@d4+ Kd6 31. Qhxg6+ P@e6 32. P@e5+ Kc6 33. N@e7# 
{Sunsetter checkmated} 1-0